 Dungeon Crawl Stone Soup version 0.31-a0-166-g46f44d267d (webtiles) character file.

Game seed: 16551215444165388018

56 Faragor the Conjurer (level 3, -3/19 HPs)
             Began as a Deep Elf Conjurer on June 14, 2023.
             Slain by Natasha (7 damage)
             ... on level 2 of the Dungeon.
             The game lasted 00:05:02 (1233 turns).

Faragor the Conjurer (Deep Elf Conjurer)            Turns: 1233, Time: 00:05:03

Health: -3/19      AC:  2    Str:  4    XL:     3   Next: 71%
Magic:  15/19      EV: 13    Int: 24    God:
Gold:   87         SH:  0    Dex: 13    Spells: 6/9 levels left

rFire   . . .        c - +1 mace (pain)
rCold   . . .        (no shield)
rNeg    . . .        a - +0 robe
rPois   .            (no helmet)
rElec   .            (no cloak)
rCorr   .            (no gloves)
SInv    .            (no boots)
Will    .....        (no amulet)
Stlth   +            m - ring of magical power
HPRegen 0.23/turn    (no ring)
MPRegen 0.16/turn

%: no passive effects
@: confused, ambrosia-drunk
A: no striking features
a: no special abilities


You were on level 2 of the Dungeon.
You visited 1 branch of the dungeon, and saw 2 of its levels.

You collected 87 gold pieces.

Inventory:

Hand Weapons
 c - a +1 mace of pain (weapon)
Armour
 a - a +0 robe (worn)
Jewellery
 d - an amulet of faith
 m - a ring of magical power (left hand)
Scrolls
 e - a scroll of brand weapon {unknown}
 f - 2 scrolls of identify {unknown}
 g - a scroll of noise {unknown}
 h - 2 scrolls of enchant weapon {unknown}
 j - 3 scrolls of fear {unknown}
 n - 3 scrolls of teleportation (quivered) {unknown}
Potions
 b - a potion of magic
 i - 2 potions of ambrosia
 k - a potion of lignification {unknown}
 l - a potion of brilliance {unknown}
 o - a potion of curing {unknown}


   Skills:
 + Level 3.2 Dodging
 + Level 3.4 Stealth
 + Level 3.8 Spellcasting
 + Level 4.8 Conjurations


You had 6 spell levels left.
You knew the following spells:

 Your Spells              Type           Power      Damage    Failure   Level
a - Magic Dart            Conj           100%       1d8       1%          1
b - Searing Ray           Conj           54%        2d6       1%          2

Your spell library contained the following spells:

 Spells                   Type           Power      Damage    Failure   Level
 Dazzling Flash           Conj/Hex       32%        N/A       11%         3
 Fulminant Prism          Conj/Hex       8%         3d6       36%         4
 Iskenderun's Mystic Bla  Conj/Tloc      16%        2d5       36%         4
 Summon Forest            Summ/Tloc      2%         N/A       95%         5
 Eringya's Noxious Bog    Tmut/Pois      2%         N/A       100%        6
 Summon Hydra             Summ           2%         N/A       100%        7


Dungeon Overview and Level Annotations

Branches:
Dungeon (2/15)

Altars:

Annotations:
D:2 Jessica, Natasha


Message History

There is a strange disturbance nearby!
There is a strange disturbance nearby!
Casting: Magic Dart (safe; 1% risk of failure)
Confirm with . or Enter, or press ? or * to list all spells.
You can't see any susceptible monsters within range! (Use Z to cast anyway.)
Found a stone staircase leading down.
Something claws you.
Deactivating autopickup; reactivate with Ctrl-A.
Casting: Magic Dart (safe; 1% risk of failure)
Confirm with . or Enter, or press ? or * to list all spells.
You can't see any susceptible monsters within range! (Use Z to cast anyway.) Unknown command.
Something claws you!
Jessica the Apprentice Sorceress comes into view.
She is wielding a +0 dagger.
Found a blue potion.
Casting: Magic Dart (safe; 1% risk of failure)
Confirm with . or Enter, or press ? or * to list all spells.
Aiming: Magic Dart (safe; 1% risk of failure)
Press: ? - help, Shift-Dir - straight line, f - Jessica
Aim: Jessica, wielding a +0 dagger and wearing a +0 robe (asleep, 100% to hit)
The magic dart hits Jessica!
Jessica is severely wounded.
Jessica shouts!
You hear a shout! x2
Something claws you.
* * * LOW HITPOINT WARNING * * *
Jessica mumbles some strange words.
Jessica blinks!
You feel your magic capacity increase.
m - a ring of magical power (left hand) It was a potion of ambrosia.
You are confused.
You feel invigorated.
You hear some strange, mumbled words.
A magic dart appears from out of thin air!
The magic dart hits you.
* * * LOW HITPOINT WARNING * * *
You are too confused!
You are too confused!
You are too confused!
Something claws you!
You die...

##.......!.### .#.............
.....>.......§ ............#
............# #.........#
##.........# #.# ###
#..........# ##.#....
#.....{@..##
...##..###..#.....##
...##........##.#.#############
...##.........#.#...#.........#
...##...........###...........#
...##............####.........#
.†...............# #.........#
...##............## #.........#
.............†....###.........#


There were no monsters in sight!

Vanquished Creatures
  2 adders (D:2)
  A dart slug (D:1)
  3 ball pythons (D:1)
  2 bats (D:1)
  3 endoplasms (D:1)
  2 giant cockroaches (D:1)
  6 goblins
  A hobgoblin (D:2)
  3 kobolds (D:1)
  A quokka (D:2)
  10 frilled lizards
  3 rats (D:1)
37 creatures vanquished.

Notes
Turn   | Place    | Note
-------+----------+-------------------------------------------
     0 | D:1      | Faragor the Deep Elf Conjurer began the quest for the Orb.
     0 | D:1      | Reached XP level 1. HP: 10/10 MP: 6/6
   158 | D:1      | Reached XP level 2. HP: 12/15 MP: 4/8
   689 | D:1      | Reached XP level 3. HP: 19/19 MP: 8/10
   983 | D:1      | Learned a level 2 spell: Searing Ray
  1221 | D:2      | Noticed Natasha
  1229 | D:2      | Noticed Jessica
  1233 | D:2      | Slain by Natasha

Illustrated notes

Levels and vault maps discovered:
D:1:      amcnicky_arrival_blooded_trapdoor, layout_rooms,
          chequers_hall_statues_y, minmay_lizard_king
D:2:      layout_rooms, uniq_natasha, uniq_jessica

Skill      XL: |  1  2 |
---------------+-------+-----
Stealth        | 3 |  3.4
Dodging        | 3 |  3.2
Spellcasting   | |  3.8
Conjurations   | |  4.8

Action                     || total
---------------------------++-------
   Cast: Magic Dart        ||    69
    Use: Potion            ||     1
 Armour: Robe              ||     1
  Dodge: Dodged            ||     3

Table legend: (Time is in decaauts)
 A = Elapsed time spent in this place.
 B = Non-inter-level travel time spent in this place.
 C = Inter-level travel time spent in this place.
 D = Time resting spent in this place.
 E = Time spent auto-exploring this place.
 F = Levels seen in this place.
 G = Mean time per level.
                   A        B        C        D        E       F      G
               +--------+--------+--------+--------+--------+-----+--------+
         Total |   1231 |   1210 |     21 |     58 |   1011 |   2 |  615.5 |
       Dungeon |   1231 |   1210 |     21 |     58 |   1011 |   2 |  615.5 |
               +--------+--------+--------+--------+--------+-----+--------+

Top non-repeatable levels by time:
     D:1: 1003 daAuts
     D:2: 228 daAuts
